 Dungeon Sprint DCSS version 0.22-a0-396-g3f858e3 (webtiles) character file.

18 emperorscorpion the Magician (level 2, -1/16 HPs)
             Began as a Vine Stalker Warper on May 4, 2018.
             Slain by a phantom (3 damage)
             ... in the Dungeon (Sprint IX: "|||||||||||||||||||||||||||||").
             The game lasted 00:00:26 (143 turns).

emperorscorpion the Magician (Vine Stalker Warper)   Turns: 143, Time: 00:00:28

Health: -1/16      AC:  3    Str: 13    XL:     2   Next: 70%
Magic:  0/7        EV: 12    Int: 13    God:
Gold:   0          SH:  0    Dex: 13    Spells: 7/7 levels left

rFire    . . .     SeeInvis .   a - +0 falchion
rCold    . . .     Gourm    .   (no shield)
rNeg     . . .     Faith    .   b - +0 leather armour
rPois    .         Spirit   +   (no helmet)
rElec    .         Reflect  .   (no cloak)
rCorr    .         Harm     .   (no gloves)
MR       .....     NoTele   +   (no boots)
Stlth    +.........             (no amulet)
HPRegen  0.05/turn              (no ring)
MPRegen  0.10/turn              (no ring)

@: lethally poisoned (-1 -> -16), berserk cooldown, slowed, very slow
A: fangs 2, magic shield, antimagic bite, no potion heal 3, rot immunity
a: no special abilities


You were in the Dungeon.
You were not hungry.

You visited 1 branch

Inventory:

Hand Weapons
 a - a +0 falchion (weapon)
Missiles
 e - 5 tomahawks of dispersal (quivered)
Armour
 b - a +0 leather armour (worn)
Scrolls
 d - 2 scrolls of blinking
Potions
 g - a potion of curing
 h - a potion of heal wounds
 i - a potion of haste
 j - 2 potions of magic
Comestibles
 c - 5 chunks of flesh
 f - a ration


   Skills:
 + Level 2.7 Fighting
 + Level 3.2 Long Blades
 + Level 1.0 Throwing
 + Level 1.0 Armour
 + Level 2.3 Dodging
 + Level 3.2 Spellcasting
   Level 3.0 Translocations


You had 7 spell levels left.
You didn't know any spells.

Dungeon Overview and Level Annotations

Branches:
Dungeon (1/1)

Altars:


Innate Abilities, Weirdness & Mutations

You have extremely sharp teeth.
When hurt, damage is shared between your health and your magic reserves.
Your bite disrupts and absorbs the magic of your enemies.
Potions cannot restore your health.
You are immune to rotting.


Message History

The worker ant bites you. The phantom hits you!
The phantom blinks!
You closely miss the worker ant. Your bite misses the worker ant.
The worker ant is severely wounded.
You feel sick. The worker ant bites you.
You are lethally poisoned!
The worker ant poisons you!
You barely miss the worker ant. You bite the worker ant. You drain its power.
You feel invigorated.
The worker ant is almost dead.
* * * LOW HITPOINT WARNING * * *
You feel sick. The phantom hits you. The worker ant bites you.
* * * LOW HITPOINT WARNING * * *
You hit the worker ant.
The worker ant is almost dead.
You are no longer berserk.
You are exhausted.
You feel yourself slow down.
* * * LOW HITPOINT WARNING * * *
You feel sick. The phantom hits you!
You die... ▓▓▓▓▓▓▓▓▓▓▓▓▓▓▓▓▓▓ +....a@W....)...<▓ ▓▓▓▓▓▓▓▓▓▓▓▓▓▓▓▓▓▓

You could see a phantom and a worker ant.

Vanquished Creatures
  An adder (D)
  A bat (D)
  A giant cockroach (D)
  A hobgoblin (D)
  A kobold (D)
  2 quokkas (D)
  A rat (D)
8 creatures vanquished.

Notes
Turn   | Place    | Note
-------+----------+-------------------------------------------
     0 | D        | emperorscorpion the Vine Stalker Warper began the quest for the Orb.
     0 | D        | Reached XP level 1. HP: 11/11 MP: 4/4
   131 | D        | Noticed a phantom
   131 | D        | Noticed a worker ant
   134 | D        | Reached skill level 1 in Throwing
   134 | D        | Reached skill level 1 in Armour
   134 | D        | Reached XP level 2. HP: 16/16 MP: 7/7
   143 | D        | Slain by a phantom

Vault maps used:
D:        linesprint

Skill      XL: |  1 |
---------------+----+-----
Long Blades    | 3 |  3.2
Fighting       | 2 |  2.7
Dodging        | 2 |  2.3
Throwing       | 1 |  1.0
Armour         | 1 |  1.0
Spellcasting   | 3 |  3.2
Translocations | |  3.0

Action                   || total
-------------------------++-------
Melee: Falchion          ||    27
       Bite              ||     8
  Use: Potion            ||     1
Armor: Leather armour    ||     4
Dodge: Dodged            ||    13
       Rpst.: Falchion   ||     2

Table legend:
 A = Spawn XP
 B = Non-spawn XP
 C = Spawn XP percentage of total XP
 D = Spawn monster count
 E = Non-spawn monster count
 F = Spawn count percentage of total count
 G = Total turns spent on level
                    A         B        C        D         E        F      G
               +---------+---------+-------+---------+---------+-------+---------
         Total |       0 |      27 |   0.0 |       0 |       8 |   0.0 |   143
               +---------+---------+-------+---------+---------+-------+---------
             D |       0 |      27 |   0.0 |       0 |       8 |   0.0 |   143
               +---------+---------+-------+---------+---------+-------+---------
